 Dungeon Crawl Stone Soup version 0.29-a0-813-g4a14ea37d6 (webtiles) character file.

Game seed: 10670825404468216909

26 LynnLen the Sneak (level 2, 0/17 HPs)
             Began as a Vampire Enchanter on July 4, 2022.
             Slain by a ball python (2 damage)
             ... on level 1 of the Dungeon.
             The game lasted 00:05:15 (751 turns).

LynnLen the Sneak (Vampire Enchanter)                Turns: 751, Time: 00:05:16

Health: 0/17       AC:  2    Str:  7    XL:     2   Next: 89%
Magic:  5/5        EV: 12    Int: 17    God:
Gold:   0          SH:  0    Dex: 14    Spells: 5/5 levels left

rFire   . . .      SeeInvis +   e - +0 short sword
rCold   . . .      Faith    .   (no shield)
rNeg    . . .      Spirit   .   b - +0 robe
rPois   .          Reflect  .   (no helmet)
rElec   .          Harm     .   (no cloak)
rCorr   .          Rampage  .   (no gloves)
Will    .....                   (no boots)
Stlth   +++.......              (no amulet)
HPRegen 0.25/turn               (no ring)
MPRegen 0.09/turn               (no ring)

@: healing quickly
A: alive, fangs 3, see invisible, vampiric 1, [frail 1]
a: Exsanguinate


You were on level 1 of the Dungeon.
You visited 1 branch of the dungeon, and saw 1 of its levels.

Inventory:

Hand Weapons
 a - a +1 dagger
 e - a +0 short sword (weapon)
Armour
 b - a +0 robe (worn)
 f - a +0 cloak
Scrolls
 d - a scroll of noise {unknown}
 g - a scroll of teleportation {unknown}
 j - a scroll of identify {unknown}
Potions
 c - 2 potions of invisibility
 h - a potion of haste {unknown}
 i - 2 potions of resistance {unknown}


   Skills:
 * Level 0.2 Fighting
 + Level 1.2 Short Blades
 * Level 2.4 Dodging
 * Level 5.4 Stealth
 + Level 2.0 Spellcasting
 + Level 4.9 Hexes


You had 5 spell levels left.
You didn't know any spells.
Your spell library contained the following spells:

 Spells                   Type           Power      Damage    Failure   Level
 Confusing Touch          Hex            18%        N/A       8%          3
 Tukima's Dance           Hex            18%        N/A       8%          3
 Ensorcelled Hibernation  Hex/Ice        20%        N/A       11%         2
 Dazzling Flash           Conj/Hex       20%        N/A       22%         3


Dungeon Overview and Level Annotations

Branches:
Dungeon (1/15)

Altars:


Innate Abilities, Weirdness & Mutations

Your natural rate of healing is accelerated.
You have razor-sharp teeth.
You have supernaturally acute eyesight. (SInv)
You are afflicted with vampirism.
[You are frail. (-10% HP)]


Message History

The ball python's grasp on you weakens, but your attempt to escape fails.
The ball python bites you. The ball python constricts you.
The giant cockroach bites you.
You escape the ball python's grasp.
The giant cockroach attacks as you move away!
The giant cockroach bites you.
The ball python attacks as you move away!
The ball python barely misses you. The ball python closely misses you.
You hit the giant cockroach.
The giant cockroach is severely wounded.
The giant cockroach barely misses you. The ball python bites you.
The ball python closely misses you.
You closely miss the giant cockroach. Your bite misses the giant cockroach.
The giant cockroach is severely wounded.
The giant cockroach misses you. The ball python barely misses you.
The ball python grabs you. The ball python constricts you.
The giant cockroach bites you.
You barely miss the giant cockroach.
The giant cockroach is severely wounded.
The ball python bites you.
* * * LOW HITPOINT WARNING * * *
The ball python constricts you. The giant cockroach closely misses you.
You hit the giant cockroach but do no damage.
The giant cockroach is heavily wounded.
The ball python bites you.
* * * LOW HITPOINT WARNING * * *
The ball python constricts you. The giant cockroach barely misses you.
Unknown command.
You hit the giant cockroach.
You kill the giant cockroach!
The ball python bites you but does no damage.
The ball python constricts you. The ball python bites you.
* * * LOW HITPOINT WARNING * * *
The ball python constricts you.
Unknown command.
You escape the ball python's grasp.
You hit the ball python.
The ball python is severely wounded.
The ball python bites you.
You die...

#...# #............
#.#####............
#..................
#######...........#
#...........#
#............
#.......(.###
#....)..P#...
#....@S.#.###
#......#.#..
#.....#.#.###
####..#.#.# #..^..
^ #...... .
#....... ##### ###


You could see a ball python.

Vanquished Creatures
  4 ball pythons (D:1)
  2 bats (D:1)
  5 endoplasms (D:1)
  2 giant cockroaches (D:1)
  4 goblins (D:1)
  2 quokkas (D:1)
  A frilled lizard (D:1)
  2 kobolds (D:1)
22 creatures vanquished.

Notes
Turn   | Place    | Note
-------+----------+-------------------------------------------
     0 | D:1      | LynnLen the Vampire Enchanter began the quest for the Orb.
     0 | D:1      | Reached XP level 1. HP: 13/13 MP: 3/3
   328 | D:1      | Reached XP level 2. HP: 13/15 MP: 5/5
   548 | D:1      | Reached skill level 5 in Stealth
   751 | D:1      | Slain by a ball python

Illustrated notes

Levels and vault maps discovered:
D:1:      lemuel_arrival_river_passageway, layout_basic,
          shapermc_ecumenical_altar_rom_forum

Skill      XL: |  1  2 |
---------------+-------+-----
Stealth        | 5 |  5.4
Fighting       | |  0.2
Short Blades   | |  1.2
Dodging        | |  2.4
Spellcasting   | |  2.0
Hexes          | |  4.9

Action                   || total
-------------------------++-------
Melee: Short sword       ||    47
       Dagger            ||     3
       Bite              ||     3
 Abil: Exsanguinate      ||     1
       Revivify          ||     1
 Stab: Sleeping          ||     7
Armor: Robe              ||    10
Dodge: Dodged            ||    36

Table legend: (Time is in decaauts)
 A = Elapsed time spent in this place.
 B = Non-inter-level travel time spent in this place.
 C = Inter-level travel time spent in this place.
 D = Time resting spent in this place.
 E = Time spent auto-exploring this place.
 F = Levels seen in this place.
 G = Mean time per level.
                   A        B        C        D        E       F      G
               +--------+--------+--------+--------+--------+-----+--------+
         Total |    756 |    756 |      0 |    111 |    248 |   1 |  756.0 |
       Dungeon |    756 |    756 |      0 |    111 |    248 |   1 |  756.0 |
               +--------+--------+--------+--------+--------+-----+--------+

Top non-repeatable levels by time:
     D:1: 756 daAuts
